 Dungeon Crawl Stone Soup version 0.30-a0-23-ge60ba3568b (webtiles) character file.

Game seed: 5038170616736219903

107 Sobieck the Sneak (level 4, -3/23 HPs)
             Began as a Vine Stalker Brigand on Aug 24, 2022.
             Slain by an ice beast (9 damage)
             ... on level 3 of the Dungeon.
             The game lasted 00:04:09 (2059 turns).

Sobieck the Sneak (Vine Stalker Brigand)            Turns: 2059, Time: 00:04:09

Health: -3/23      AC:  4    Str: 14    XL:     4   Next: 86%
Magic:  0/15       EV: 12    Int: 11    God:
Gold:   111        SH:  0    Dex: 23    Spells: 5/5 levels left

rFire   . . .      SeeInvis .    a - +2 dagger {short}
rCold   . . .      Faith    .    (no shield)
rNeg    . . .      Spirit   +    b - +0 robe
rPois   .          Reflect  .    (no helmet)
rElec   .          Harm     .    c - +0 cloak
rCorr   .          Rampage  .    u - +0 pair of gloves
Will    .....                    (no boots)
Stlth   +++.......               (no amulet)
HPRegen 0.87/turn                f - ring of magical power
MPRegen 0.14/turn                D - +6 ring of dexterity

@: no status effects
A: fangs 2, regeneration 1, magic shield, antimagic bite, no potion heal 2
a: no special abilities


You were on level 3 of the Dungeon.
You visited 1 branch of the dungeon, and saw 3 of its levels.

You collected 111 gold pieces.


Innate Abilities, Weirdness & Mutations

You have extremely sharp teeth.
Your natural rate of healing is unusually fast.
When hurt, damage is shared between your health and your magic reserves.
Your bite disrupts and absorbs the magic of your enemies.
Potions cannot restore your health.


   Skills:
 + Level 2.4 Fighting
 * Level 3.0 Short Blades
 - Level 1.7 Throwing
 + Level 1.5 Dodging
 + Level 5.4 Stealth
 - Level 1.0 Spellcasting


You had 5 spell levels left.
You didn't know any spells.
Your spell library contained the following spells:

 Spells                   Type           Power      Damage    Failure   Level
 Beastly Appendage        Tmut           0%         N/A       32%         1
 Magic Dart               Conj           0%         1d3       32%         1
 Call Imp                 Summ           0%         N/A       43%         2
 Mephitic Cloud           Conj/Pois/Air  0%         N/A       67%         3

Inventory:

Hand Weapons
 a - a +2 dagger (weapon) {short}
 C - a +0 rapier {short}
   (You found it on level 3 of the Dungeon)
Missiles
 d - 7 poisoned darts (quivered) {throwing}
 e - 2 curare-tipped darts {=fthrowing}
 g - 8 stones {throwing}
 h - 3 boomerangs {throwing}
 q - 2 silver javelins {throwing}
Armour
 b - a +0 robe (worn)
 c - a +0 cloak (worn)
 u - a +0 pair of gloves (worn)
   (You found it on level 2 of the Dungeon)
 v - a +0 leather armour
   (You found it on level 2 of the Dungeon)
 y - a +0 leather armour
   (You found it on level 3 of the Dungeon)
 A - a +0 robe
   (You took it off an orc wizard on level 3 of the Dungeon)
Jewellery
 f - a ring of magical power (left hand)
   (You found it on level 1 of the Dungeon)
 D - a +6 ring of dexterity (right hand)
   (You found it on level 3 of the Dungeon)
Scrolls
 i - 4 scrolls of identify {unknown}
 m - 3 scrolls of teleportation {unknown}
 r - 2 scrolls of enchant weapon {unknown}
 t - a scroll of enchant armour {unknown}
 x - a scroll of immolation {unknown}
 B - a scroll of magic mapping {unknown}
Potions
 j - a potion of curing {unknown}
 k - a potion of mutation {unknown}
 l - a potion of cancellation {unknown}
 n - a potion of berserk rage {unknown}
 o - a potion of might {unknown}
 p - 2 potions of degeneration {unknown}
 s - 4 potions of heal wounds {unknown}
 w - a potion of brilliance {unknown}
 z - 2 potions of resistance {unknown}

Dungeon Overview and Level Annotations

Branches:
Dungeon (3/15) Zot: 15954

Altars:
Vehumet

.............##.# #
.....#.#.#...#.# #
...............####
#..#..#.#..#..#....
#.(...........#####
#.(#.#._.#.#..#
#.............#
#.Y#..#.#..#..#
#.@...........#
##...#.#.#...######
##.........#......
#........##.#####
#.#########.#
#..)........#
#############


You could see an ice beast (poisoned).


Message History

You see here a +0 rapier {short}.
C - a +0 rapier {short}
Found a stone staircase leading down.
Unknown command.
s - 3 grey potions (gained 1)
i - 4 scrolls labelled GOSACKU IDEROINA (gained 1)
You pick up a book of Minor Magic and begin reading...
You add the spells Magic Dart, Call Imp and Mephitic Cloud to your library.
Unknown command.
D - a +6 ring of dexterity Unknown command.
You feel agile.
D - a +6 ring of dexterity (right hand) Unknown command.
Unknown command.
A ball python comes into view.
You see here a scroll labelled ALOUDE DOTIK.
Danger!
The helpless ball python fails to defend itself.
You perforate the ball python like a sieve!!!
You kill the ball python!
No target in view!
r - 2 scrolls labelled ALOUDE DOTIK (gained 1)
You now have 107 gold pieces (gained 5).
s - 4 grey potions (gained 1)
Found a radiant altar of Vehumet.
Unknown command.
A ball python comes into view.
Danger!
The ball python hisses angrily.
The ball python misses you. The ball python completely misses you.
You barely miss the ball python. The ball python barely misses you.
The ball python grabs you. The ball python constricts you.
You hit the ball python.
The ball python bites you but does no damage.
The ball python constricts you.
You hit the ball python.
You kill the ball python!
No target in view!
You now have 111 gold pieces (gained 4).
An ice beast comes into view.
Danger!
A kobold comes into view. It is wielding a +0 dagger.
Unknown command.
The kobold throws a stone.
The stone closely misses you.
Unknown command.
Unknown command.
Danger!
The kobold hits you but does no damage.
You puncture the kobold!
You kill the kobold!
No target in view!
No target in view!
Unknown command.
g - 8 stones {throwing} (gained 1)
You see here a +0 dagger {short}.
Unknown command.
Danger!
Unknown command.
Throw: 3 darts (curare) {=fthrowing}
Press: ? - help, Shift-Dir - straight line, f - ice beast
Aim: an ice beast (64% to hit)
You throw a curare-tipped dart {=fthrowing}.
The curare-tipped dart {=fthrowing} hits the ice beast.
Throw: 9 darts (poison) {throwing}
Press: ? - help, Q - select action, (/) - cycle Shift-Dir - straight line, f/p - ice beast
Aim: an ice beast (64% to hit)
You throw a poisoned dart {throwing}.
The poisoned dart {throwing} hits the ice beast.
Throw: 8 darts (poison) {throwing}
Press: ? - help, Q - select action, (/) - cycle Shift-Dir - straight line, f/p - ice beast
Aim: an ice beast (64% to hit)
You throw a poisoned dart {throwing}.
The poisoned dart {throwing} hits the ice beast.
The ice beast is poisoned.
Unknown command.
You closely miss the ice beast. You bite the ice beast. You drain its power.
The ice beast hits you but does no damage.
You hit the ice beast.
You bite the ice beast, but do no damage.
The ice beast hits you but does no damage.
Unknown command.
You hit the ice beast.
You bite the ice beast, but do no damage.
You barely miss the ice beast. The ice beast hits you.
The ice beast freezes you!
Unknown command.
You hit the ice beast but do no damage.
You bite the ice beast, but do no damage.
The ice beast hits you. The ice beast freezes you!
* * * LOW HITPOINT WARNING * * *
Unknown command.
You barely miss the ice beast. Your bite misses the ice beast.
The ice beast hits you but does no damage.
Unknown command.
You hit the ice beast. The ice beast hits you.
* * * LOW HITPOINT WARNING * * *
The ice beast freezes you!
You die...

Skill      XL: |  1  2  3  4 |
---------------+-------------+-----
Short Blades   | 2 3 |  3.0
Dodging        | 1 |  1.5
Stealth        | 5 |  5.4
Fighting       | 2 |  2.4
Spellcasting   | 1 |  1.0
Throwing       | |  1.7

Action                   |  1- 3 |  4- 6 || total
-------------------------+-------+-------++-------
Melee: Dagger            |    85 |    47 ||   132
       Bite              |    17 |    13 ||    30
       Punch             |     2 |     1 ||     3
Throw: Dart              |       |     3 ||     3
 Stab: Sleeping          |    12 |     3 ||    15
Armor: Robe              |    22 |    11 ||    33
Dodge: Dodged            |    33 |    14 ||    47

Levels and vault maps discovered:
D:1:      wander_arrival_lonely_grave, layout_loops_ring, nrook_campfire,
          nicolae_concentric_dashed_squares_mild, minmay_pentomino_z4
D:2:      layout_rooms, shapermc_ecumenical_altar_rom_forum,
          chequers_serial_rivers_marsh, dk_noncrumbling_4
D:3:      layout_loops_ring, nicolae_vehumet_radiance

Notes
Turn   | Place    | Note
-------+----------+-------------------------------------------
     0 | D:1      | Sobieck the Vine Stalker Brigand began the quest for the
                  | Orb.
     0 | D:1      | Reached XP level 1. HP: 11/11 MP: 2/2
   239 | D:1      | Reached skill level 2 in Short Blades
   282 | D:1      | Reached skill level 1 in Dodging
   282 | D:1      | Reached XP level 2. HP: 15/15 MP: 3/3
   352 | D:1      | Reached skill level 5 in Stealth
   603 | D:1      | Reached skill level 2 in Fighting
   957 | D:2      | Reached XP level 3. HP: 18/18 MP: 5/5
  1107 | D:2      | Reached skill level 1 in Spellcasting
  1426 | D:2      | Gained mutation: Your natural rate of healing is unusually
                  | fast. [Vine Stalker growth]
  1426 | D:2      | Reached XP level 4. HP: 23/23 MP: 6/6
  1478 | D:2      | Found a faded altar of an unknown god.
  1485 | D:2      | Got Plato's Encyclopedia of Permutations
  1731 | D:3      | Reached skill level 3 in Short Blades
  1901 | D:3      | You pick up a book of Minor Magic and begin reading...
  1901 | D:3      | You add the spells Magic Dart, Call Imp and Mephitic Cloud
                  | to your library.
  1978 | D:3      | Found a radiant altar of Vehumet.
  2024 | D:3      | Noticed an ice beast
  2059 | D:3      | Slain by an ice beast

Vanquished Creatures
  An orc wizard (D:3)
  2 adders (D:2)
  2 worms (D:2)
  A dart slug (D:2)
  2 orcs (D:3)
  8 endoplasms
  3 giant cockroaches
  4 goblins
  5 hobgoblins
  A quokka (D:2)
  8 ball pythons
  5 bats
  2 frilled lizards
  4 kobolds
  6 rats
54 creatures vanquished.

Table legend:
 A = Non-vault XP
 B = Vault XP
 C = Vault XP percentage of total XP
 D = Non-vault monster count
 E = Vault monster count
 F = Vault count percentage of total count
                 A         B        C        D         E       F
            +---------+---------+-------+---------+---------+-------
      Total |     147 |       7 |   4.5 |      50 |       4 |   7.4
            +---------+---------+-------+---------+---------+-------
        D:1 |      25 |       7 |  21.9 |      17 |       4 |  19.0
        D:2 |      70 |       0 |   0.0 |      24 |       0 |   0.0
        D:3 |      52 |       0 |   0.0 |       9 |       0 |   0.0
            +---------+---------+-------+---------+---------+-------

Illustrated notes

Table legend:
 A = Kills in this place as a percentage of kills in entire the game.
 B = Kills by you in this place as a percentage of kills by you in the entire game.
 C = Kills by friends in this place as a percentage of kills by friends in the entire game.
 D = Other kills in this place as a percentage of other kills in the entire game.
 E = Experience gained in this place as a percentage of experience gained in the entire game.
 F = Experience gained in this place divided by the number of levels of this place that you have seen.
                   A       B       C       D       E      F
               +-------+-------+-------+-------+-------+----------------------
         Total | 100.0 | 100.0 |   N/A |   N/A | 100.0 |  51.3
       Dungeon | 100.0 | 100.0 |   N/A |   N/A | 100.0 |  51.3
               +-------+-------+-------+-------+-------+----------------------

Table legend: (Time is in decaauts)
 A = Elapsed time spent in this place.
 B = Non-inter-level travel time spent in this place.
 C = Inter-level travel time spent in this place.
 D = Time resting spent in this place.
 E = Time spent auto-exploring this place.
 F = Levels seen in this place.
 G = Mean time per level.
                   A        B        C        D        E       F      G
               +--------+--------+--------+--------+--------+-----+--------+
         Total |   2044 |   1968 |     76 |      0 |   1561 |   3 |  681.3 |
       Dungeon |   2044 |   1968 |     76 |      0 |   1561 |   3 |  681.3 |
               +--------+--------+--------+--------+--------+-----+--------+

Top non-repeatable levels by time:
     D:1: 943 daAuts
     D:2: 743 daAuts
     D:3: 357 daAuts
